 Dungeon Crawl Stone Soup version 0.28-a0-657-g71136c5590 (webtiles) character file.

Game seed: 11334135327657710143

60 Johnny the Chiller (level 3, 0/29 HPs)
             Began as a Draconian Ice Elementalist on Oct 13, 2021.
             Slain by a gnoll (8 damage)
             ... on level 3 of the Dungeon.
             The game lasted 00:01:36 (1588 turns).

Johnny the Chiller (Draconian Ice Elementalist)     Turns: 1588, Time: 00:01:36

Health: 0/29       AC:  5    Str: 10    XL:     3   Next: 80%
Magic:  2/7        EV: 12    Int: 22    God:
Gold:   106        SH:  0    Dex: 11    Spells: 3/7 levels left

rFire   . . .      SeeInvis .   a - +0 short sword (venom)
rCold   . . .      Faith    .   (no shield)
rNeg    . . .      Spirit   .   (armour unavailable)
rPois   .          Reflect  .   (helmet restricted)
rElec   .          Harm     .   (no cloak)
rCorr   .          Rampage  .   (no gloves)
Will    .....                   (no boots)
Stlth   ++........              (no amulet)
HPRegen 0.09/turn               d - +6 ring of intelligence
MPRegen 0.10/turn               (no ring)

@: attractive
A: AC +5, unfitting armour, cold-blooded
a: no special abilities


You were on level 3 of the Dungeon.
You visited 1 branch of the dungeon, and saw 4 of its levels.

You collected 106 gold pieces.

Inventory:

Hand Weapons
 a - a +0 short sword of venom (weapon)
Jewellery
 d - a +6 ring of intelligence (left hand)
 f - a ring of wizardry


   Skills:
 + Level 2.0 Fighting
 - Level 1.7 Dodging
 - Level 1.7 Stealth
 + Level 2.7 Spellcasting
 + Level 4.5 Ice Magic


You had 3 spell levels left.
You knew the following spells:

 Your Spells              Type           Power      Damage    Failure   Level
a - Freeze                Ice            92%        1d10      1%          1
b - Frozen Ramparts       Ice            46%        1d6       6%          3

Your spell library contained the following spells:

 Spells                   Type           Power      Damage    Failure   Level
 Ozocubu's Armour         Ice            23%        N/A       6%          3
 Corpse Rot               Necr/Air       N/A        N/A       19%         2
 Poisonous Vapours        Pois/Air       6%         N/A       19%         2
 Hailstorm                Conj/Ice       13%        3d5       45%         4
 Metabolic Englaciation   Hex/Ice        6%         N/A       80%         5
 Dispersal                Tloc           1%         N/A       100%        6
 Simulacrum               Ice/Necr       6%         N/A       100%        6
 Disjunction              Tloc           1%         N/A       100%        8


Dungeon Overview and Level Annotations

Branches:
Dungeon (4/15)
 Temple: D:4-7

Altars:
Yredelemnul

Annotations:
D:3 1 runed translucent door


Innate Abilities, Weirdness & Mutations

Your plain brown scales are hard. (AC +5)
You cannot fit into any form of body armour.
You are cold-blooded and may be slowed by cold attacks.


Message History

Casting: Frozen Ramparts (quite dangerous; 6% risk of failure)
Confirm with . or Enter, or press ? or * to list all spells.
Aiming: Freeze (safe; 1% risk of failure)
Press: ? - help, Shift-Dir - straight line, f - gnoll
Aim: a gnoll, wielding a +0 spear (moderately wounded)
You freeze the gnoll.
The gnoll is severely wounded.
The wall freezes the gnoll.
The gnoll hits you with a +0 spear. The gnoll hits you but does no damage.
Casting: Freeze (safe; 1% risk of failure)
Confirm with . or Enter, or press ? or * to list all spells.
Aiming: Freeze (safe; 1% risk of failure)
Press: ? - help, Shift-Dir - straight line, f/p - gnoll
Aim: a gnoll, wielding a +0 spear (severely wounded)
You freeze the gnoll!
You kill the gnoll!
The gnoll hits you from afar with a +0 spear.
Your Fighting skill increases to level 2!
Unknown command.
Your frozen ramparts will break if you move.
Continue?
The frozen ramparts melt away as you move.
It was a potion of curing.
You feel better.
The gnoll hits you from afar with a +0 spear.
As you read the scroll labelled ONYEFA PEONGIT, it crumbles to dust.
It is a scroll of amnesia.
Really abort (and waste the scroll)?
Okay, then.
The gnoll hits you from afar with a +0 spear!
* * * LOW HITPOINT WARNING * * *
As you read the scroll labelled NILACIFEVIT, it crumbles to dust.
You assume a fearsome visage.
The orc looks frightened!
The gnoll looks frightened! x2; It was a scroll of fear.
A gnoll comes into view. It is wielding a +0 spear.
The gnoll shouts!
You feel better. The gnoll hits you with a +0 spear.
* * * LOW HITPOINT WARNING * * *
It was a potion of attraction.
You feel attractive to monsters. The gnoll hits you with a +0 spear!
You die...

#.....##+##.. #.....# ≈.#
##.g...# .# #......# #
####......#
###########)...o....# #
#..........)........#####.#
#.........g).##...........#
#.........@##########.....#
#..........# #....#..#
#.........## ##...## .#
#.........# ##...##
#.........# #..#.# ..#
#.........# ##.##.# ...
#.........# #.....####..
########### ###...........
#.......#####.


You could see 2 gnolls and an orc (fleeing).

Vanquished Creatures
  An adder (D:3)
  A gnoll (D:3)
  9 endoplasms
  2 giant cockroaches (D:3)
  7 goblins
  3 hobgoblins
  2 jackals (D:3)
  A quokka (D:1)
  2 bats
  3 kobolds
  4 rats
35 creatures vanquished.

Notes
Turn   | Place    | Note
-------+----------+-------------------------------------------
     0 | D:1      | Johnny the Draconian Ice Elementalist began the quest for
                  | the Orb.
     0 | D:1      | Reached XP level 1. HP: 14/14 MP: 3/3
   381 | D:1      | Reached XP level 2. HP: 14/22 MP: 5/5
   390 | D:1      | Reached skill level 1 in Fighting
   670 | D:1      | Found a faded altar of an unknown god.
  1099 | D:2      | You fall into a shaft and drop 2 floors!
  1190 | D:4      | Found a basalt altar of Yredelemnul.
  1206 | D:3      | Reached XP level 3. HP: 28/28 MP: 6/6
  1210 | D:3      | Learned a level 3 spell: Frozen Ramparts
  1558 | D:3      | Found a runed translucent door.
  1588 | D:3      | Slain by a gnoll

Illustrated notes

Levels and vault maps discovered:
D:1:      roderic_crop_circles_arrival_large, layout_rooms,
          ebering_ecumenical_altar_webs, st_stairs_10, minmay_close_crescents
D:2:      layout_loops_cross, serial_shops, nicolae_square_shop,
          nicolae_shop_temple_entry_statues_fountains, basic_altar,
          minmay_lizard_pond, uniq_jessica, uniq_crazy_yiuf_cottage
D:3:      layout_rooms, fedhas_altar_3, ebering_ghost_reflecting_pool,
          guppyfry_early_orc_mine
D:4:      layout_loops_corners, mainiacjoe_overflow_small_starburst,
          minmay_temple_entry_nine_rooms

Skill      XL: |  1  2  3 |
---------------+----------+-----
Fighting       | 1 2 |  2.0
Dodging        | |  1.7
Stealth        | |  1.7
Spellcasting   | |  2.7
Ice Magic      | |  4.5

Action                   || total
-------------------------++-------
Melee: Unarmed           ||    11
       Short sword       ||    63
       Tailslap          ||     7
 Cast: Freeze            ||    12
       Frozen Ramparts   ||     1
  Use: Potion            ||     3
       Scroll            ||     2
 Stab: Sleeping          ||     7
Armor: Skin              ||    25
Dodge: Dodged            ||    43

Table legend: (Time is in decaauts)
 A = Elapsed time spent in this place.
 B = Non-inter-level travel time spent in this place.
 C = Inter-level travel time spent in this place.
 D = Time resting spent in this place.
 E = Time spent auto-exploring this place.
 F = Levels seen in this place.
 G = Mean time per level.
                   A        B        C        D        E       F      G
               +--------+--------+--------+--------+--------+-----+--------+
         Total |   1594 |   1574 |     20 |      0 |   1315 |   4 |  398.5 |
       Dungeon |   1594 |   1574 |     20 |      0 |   1315 |   4 |  398.5 |
               +--------+--------+--------+--------+--------+-----+--------+

Top non-repeatable levels by time:
     D:1: 958 daAuts
     D:3: 390 daAuts
     D:2: 144 daAuts
     D:4: 100 daAuts
